[ PARTIDA AOE2 · #504719648 ]
UnrankedArmenios vs Tatars
Equipo del jugador · DERR
Equipo rival · VICT
[ ANÁLISIS DE REPETICIÓN · EXTRAÍDO DE LA PARTIDA GRABADA ]
Feudal
10:32
Castillos
20:49
Imperial
34:26
| APM promedio | 52.9 |
| APM pico | 78 |
| eAPM promedio | 26.1 |
| Aldeanos / militares | 237 / 204 |
Foco
⚔️ 37.2% · 🌾 62.8%
Skirmisher ×76 · Spearman ×43 · Archer ×35 · Composite Bowman ×31 · Militia ×7 · Trebuchet (Packed) ×5
Feudal
9:17
Castillos
20:49
Imperial
37:48
| APM promedio | 47.6 |
| APM pico | 91 |
| eAPM promedio | 28.2 |
| Aldeanos / militares | 194 / 158 |
Foco
⚔️ 35.6% · 🌾 64.4%
Scout Cavalry ×67 · Cavalry Archer ×56 · Skirmisher ×21 · Mangonel ×5 · Trebuchet (Packed) ×5 · Monk ×2
Mapa de la partida
Recursos iniciales + cada clic de construcción. Líneas = muros · curvas = relieve. ◆ oro · ⬟ piedra · ● bayas · ✦ reliquia · ◌ hueco del cierre
Tu base· Abierta — el rival se encerró
Base de Nectarie· ✓ Cerrada en 20:49 · 43t muro · sin puerta
Terreno inicial suavizado · ◌ = hueco del cierre detectado · pasá el cursor para detalles
Inputs por minuto
— ROI - - Nectarie
Build order — ROI
Primeras 150 de 662 acciones detectadas
| 0:00 | Encolar | Villager (Male) |
| 0:01 | Encolar | Villager (Male) |
| 0:01 | Encolar | Villager (Male) |
| 0:01 | Encolar | Villager (Male) |
| 0:03 | Construir | House |
| 0:04 | Construir | House |
| 1:25 | Encolar | Villager (Male) |
| 1:57 | Construir | Mule Cart |
| 2:00 | Encolar | Villager (Male) |
| 2:16 | Encolar | Villager (Male) |
| 2:17 | Encolar | Villager (Male) |
| 2:48 | Encolar | Villager (Male) |
| 3:12 | Encolar | Villager (Male) |
| 3:34 | Encolar | Villager (Male) |
| 3:36 | Construir | House |
| 4:06 | Encolar | Villager (Male) |
| 4:10 | Construir | Barracks |
| 4:15 | Construir | Palisade Wall |
| 4:16 | Construir | Palisade Wall |
| 4:18 | Construir | Palisade Wall |
| 4:25 | Encolar | Villager (Male) |
| 4:25 | Encolar | Villager (Male) |
| 4:48 | Encolar | Villager (Male) |
| 5:01 | Construir | House |
| 5:10 | Encolar | Villager (Male) |
| 5:21 | Encolar | Villager (Male) |
| 5:28 | Encolar | Militia |
| 5:44 | Encolar | Spearman |
| 6:08 | Encolar | Militia |
| 6:12 | Encolar | Villager (Male) |
| 6:17 | Construir | Mill |
| 6:26 | Encolar | Villager (Male) |
| 6:34 | Encolar | Villager (Male) |
| 6:52 | Construir | House |
| 7:01 | Investigar | Loom |
| 7:05 | Encolar | Villager (Male) |
| 7:34 | Construir | Palisade Wall |
| 7:42 | Construir | Palisade Wall |
| 7:57 | Encolar | Villager (Male) |
| 8:21 | Investigar | Feudal Age |
| 8:21 | Investigar | Feudal Age |
| 8:43 | Construir | Mill |
| 9:01 | Construir | Mule Cart |
| 9:26 | Construir | Palisade Wall |
| 9:29 | Construir | Palisade Wall |
| 9:40 | Construir | House |
| 9:50 | Encolar | Villager (Male) |
| 9:54 | Construir | Palisade Wall |
| 9:56 | Construir | Palisade Wall |
| 9:58 | Construir | Palisade Wall |
| 9:59 | Construir | Palisade Wall |
| 10:05 | Construir | Palisade Wall |
| 10:10 | Encolar | Spearman |
| 10:25 | Encolar | Villager (Male) |
| 10:32 | Edad | Edad Feudal |
| 10:35 | Encolar | Villager (Male) |
| 10:37 | Construir | Farm |
| 10:49 | Investigar | Double-Bit Axe |
| 10:54 | Encolar | Spearman |
| 11:05 | Encolar | Villager (Male) |
| 11:09 | Construir | Farm |
| 11:16 | Encolar | Villager (Male) |
| 11:28 | Construir | House |
| 11:39 | Construir | Farm |
| 11:41 | Encolar | Villager (Male) |
| 11:43 | Construir | House |
| 11:44 | Construir | Palisade Wall |
| 11:53 | Encolar | Villager (Male) |
| 11:58 | Construir | Farm |
| 12:07 | Encolar | Villager (Male) |
| 12:14 | Construir | Farm |
| 12:18 | Encolar | Villager (Male) |
| 12:20 | Construir | House |
| 12:28 | Encolar | Spearman |
| 12:32 | Construir | Farm |
| 12:45 | Construir | Farm |
| 12:58 | Encolar | Villager (Male) |
| 13:01 | Construir | Farm |
| 13:04 | Encolar | Villager (Male) |
| 13:06 | Construir | House |
| 13:14 | Construir | Farm |
| 13:17 | Encolar | Villager (Male) |
| 13:36 | Construir | Farm |
| 13:45 | Encolar | Villager (Male) |
| 13:55 | Encolar | Villager (Male) |
| 14:04 | Construir | Stable |
| 14:20 | Investigar | Wheelbarrow |
| 14:35 | Construir | Farm |
| 14:49 | Encolar | Scout Cavalry |
| 14:56 | Encolar | Villager (Male) |
| 14:58 | Construir | Farm |
| 15:00 | Construir | Farm |
| 15:05 | Construir | House |
| 15:08 | Encolar | Scout Cavalry |
| 15:18 | Construir | House |
| 15:27 | Construir | Blacksmith |
| 15:42 | Encolar | Villager (Male) |
| 15:53 | Construir | House |
| 16:08 | Encolar | Scout Cavalry |
| 16:16 | Encolar | Villager (Male) |
| 16:25 | Construir | Farm |
| 16:30 | Construir | Farm |
| 16:30 | Encolar | Villager (Male) |
| 16:36 | Encolar | Scout Cavalry |
| 16:50 | Construir | Farm |
| 16:51 | Construir | Farm |
| 17:10 | Encolar | Villager (Male) |
| 17:18 | Construir | Archery Range |
| 17:39 | Encolar | Villager (Male) |
| 17:45 | Construir | House |
| 17:50 | Construir | House |
| 18:09 | Investigar | Castle Age |
| 18:13 | Encolar | Archer |
| 18:16 | Construir | House |
| 18:23 | Construir | Archery Range |
| 18:28 | Encolar | Villager (Male) |
| 18:38 | Investigar | Gold Mining |
| 18:46 | Investigar | Horse Collar |
| 18:53 | Construir | House |
| 19:06 | Encolar | Archer |
| 19:07 | Encolar | Archer |
| 19:29 | Construir | House |
| 19:31 | Construir | House |
| 19:39 | Encolar | Skirmisher |
| 19:45 | Encolar | Skirmisher |
| 19:48 | Encolar | Archer |
| 20:06 | Investigar | Fletching |
| 20:26 | Construir | Farm |
| 20:30 | Encolar | Archer |
| 20:31 | Encolar | Skirmisher |
| 20:39 | Encolar | Archer |
| 20:49 | Edad | Edad de los Castillos |
| 20:51 | Investigar | Bodkin Arrow |
| 20:55 | Encolar | Villager (Male) |
| 20:59 | Construir | Town Center |
| 21:00 | Encolar | Villager (Male) |
| 21:09 | Investigar | Crossbowman (upgrade) |
| 21:13 | Encolar | Skirmisher |
| 21:44 | Encolar | Villager (Male) |
| 22:00 | Encolar | Skirmisher |
| 22:01 | Encolar | Villager (Male) |
| 22:03 | Construir | House |
| 22:26 | Encolar | Villager (Male) |
| 22:30 | Construir | Monastery |
| 22:38 | Investigar | Elite Skirmisher (upgrade) |
| 22:41 | Encolar | Villager (Male) |
| 22:41 | Encolar | Skirmisher |
| 22:59 | Encolar | Villager (Male) |
| 23:09 | Encolar | Skirmisher |
| 23:17 | Investigar | Padded Archer Armor |
Build order — Nectarie
Primeras 150 de 494 acciones detectadas
| 0:00 | Encolar | Villager (Male) |
| 0:01 | Encolar | Villager (Male) |
| 0:01 | Encolar | Villager (Male) |
| 0:02 | Construir | House |
| 0:03 | Construir | House |
| 0:05 | Encolar | Villager (Male) |
| 1:26 | Encolar | Villager (Male) |
| 1:26 | Encolar | Villager (Male) |
| 1:52 | Encolar | Villager (Male) |
| 2:09 | Construir | Lumber Camp |
| 2:22 | Encolar | Villager (Male) |
| 2:22 | Encolar | Villager (Male) |
| 2:22 | Encolar | Villager (Male) |
| 2:53 | Encolar | Villager (Male) |
| 2:54 | Encolar | Villager (Male) |
| 3:34 | Encolar | Villager (Male) |
| 3:34 | Encolar | Villager (Male) |
| 3:45 | Construir | House |
| 4:08 | Encolar | Villager (Male) |
| 4:08 | Encolar | Villager (Male) |
| 4:28 | Encolar | Villager (Male) |
| 4:29 | Encolar | Villager (Male) |
| 4:29 | Encolar | Villager (Male) |
| 5:16 | Encolar | Villager (Male) |
| 5:16 | Encolar | Villager (Male) |
| 5:20 | Investigar | Loom |
| 5:30 | Construir | Mill |
| 5:34 | Construir | Mill |
| 6:36 | Encolar | Villager (Male) |
| 7:07 | Investigar | Feudal Age |
| 7:07 | Investigar | Feudal Age |
| 7:50 | Construir | Palisade Wall |
| 7:53 | Construir | Palisade Wall |
| 7:54 | Construir | Palisade Wall |
| 7:57 | Construir | Palisade Wall |
| 7:59 | Construir | Palisade Wall |
| 8:02 | Construir | Palisade Wall |
| 8:03 | Construir | Palisade Wall |
| 8:03 | Construir | Palisade Wall |
| 8:09 | Construir | Palisade Wall |
| 8:14 | Construir | Palisade Wall |
| 8:16 | Construir | Palisade Wall |
| 8:23 | Encolar | Villager (Male) |
| 8:39 | Construir | Barracks |
| 8:40 | Construir | House |
| 9:17 | Edad | Edad Feudal |
| 9:30 | Construir | Stable |
| 9:44 | Encolar | Villager (Male) |
| 9:44 | Encolar | Villager (Male) |
| 9:54 | Investigar | Double-Bit Axe |
| 9:55 | Encolar | Villager (Male) |
| 9:56 | Encolar | Villager (Male) |
| 10:01 | Construir | House |
| 10:02 | Construir | House |
| 10:12 | Encolar | Scout Cavalry |
| 10:49 | Encolar | Scout Cavalry |
| 11:00 | Construir | Archery Range |
| 11:08 | Investigar | Horse Collar |
| 11:09 | Investigar | Horse Collar |
| 11:15 | Encolar | Villager (Male) |
| 11:16 | Encolar | Villager (Male) |
| 11:25 | Construir | Farm |
| 11:31 | Encolar | Scout Cavalry |
| 11:41 | Construir | House |
| 11:42 | Construir | Palisade Wall |
| 11:54 | Encolar | Villager (Male) |
| 11:54 | Encolar | Villager (Male) |
| 11:54 | Encolar | Villager (Male) |
| 12:10 | Encolar | Skirmisher |
| 12:21 | Construir | Farm |
| 12:22 | Construir | Farm |
| 12:28 | Encolar | Scout Cavalry |
| 12:34 | Construir | Farm |
| 12:42 | Encolar | Villager (Male) |
| 12:44 | Construir | Palisade Wall |
| 12:45 | Construir | Palisade Wall |
| 12:47 | Construir | House |
| 12:54 | Encolar | Skirmisher |
| 12:59 | Construir | House |
| 13:12 | Encolar | Villager (Male) |
| 13:15 | Construir | Farm |
| 13:27 | Encolar | Skirmisher |
| 13:33 | Encolar | Villager (Male) |
| 13:36 | Construir | Farm |
| 13:41 | Construir | Farm |
| 13:46 | Construir | House |
| 13:49 | Encolar | Villager (Male) |
| 13:54 | Encolar | Skirmisher |
| 14:05 | Construir | Farm |
| 14:11 | Construir | Farm |
| 14:11 | Encolar | Villager (Male) |
| 14:19 | Construir | Farm |
| 14:34 | Construir | House |
| 14:37 | Construir | Palisade Wall |
| 14:54 | Encolar | Villager (Male) |
| 14:58 | Encolar | Skirmisher |
| 15:01 | Construir | Farm |
| 15:04 | Construir | Farm |
| 15:07 | Encolar | Villager (Male) |
| 15:14 | Construir | Palisade Wall |
| 15:15 | Construir | Palisade Wall |
| 15:18 | Encolar | Villager (Male) |
| 15:23 | Construir | Farm |
| 15:36 | Construir | Mining Camp |
| 15:36 | Encolar | Villager (Male) |
| 16:15 | Construir | House |
| 16:18 | Construir | Blacksmith |
| 16:24 | Encolar | Villager (Male) |
| 16:30 | Encolar | Villager (Male) |
| 16:59 | Encolar | Scout Cavalry |
| 17:05 | Encolar | Spearman |
| 17:16 | Construir | Farm |
| 17:29 | Encolar | Villager (Male) |
| 17:39 | Construir | House |
| 17:51 | Construir | Lumber Camp |
| 18:09 | Investigar | Castle Age |
| 18:09 | Investigar | Castle Age |
| 18:09 | Investigar | Castle Age |
| 18:28 | Construir | Archery Range |
| 19:01 | Investigar | Bloodlines |
| 19:01 | Investigar | Bloodlines |
| 19:28 | Investigar | Gold Mining |
| 19:47 | Investigar | Fletching |
| 19:55 | Construir | House |
| 19:56 | Construir | House |
| 20:25 | Encolar | Villager (Male) |
| 20:25 | Encolar | Villager (Male) |
| 20:37 | Construir | Palisade Wall |
| 20:47 | Encolar | Villager (Male) |
| 20:49 | Edad | Edad de los Castillos |
| 20:52 | Encolar | Cavalry Archer |
| 20:53 | Encolar | Cavalry Archer |
| 20:57 | Investigar | Bodkin Arrow |
| 21:00 | Encolar | Spearman |
| 21:05 | Construir | Town Center |
| 21:20 | Encolar | Villager (Male) |
| 21:30 | Construir | Town Center |
| 21:31 | Encolar | Villager (Male) |
| 21:31 | Encolar | Villager (Male) |
| 21:34 | Encolar | Cavalry Archer |
| 21:34 | Encolar | Cavalry Archer |
| 21:40 | Encolar | Villager (Male) |
| 21:40 | Encolar | Villager (Male) |
| 22:01 | Encolar | Cavalry Archer |
| 22:07 | Investigar | Husbandry |
| 22:09 | Encolar | Cavalry Archer |
| 22:09 | Encolar | Cavalry Archer |
| 22:31 | Encolar | Cavalry Archer |
| 22:31 | Encolar | Cavalry Archer |
| 22:32 | Encolar | Villager (Male) |
Cronología de la partida
| 4:10 | ROI · first_building Barracks |
| 4:15 | ROI · wall_segment Palisade Wall x1 |
| 4:16 | ROI · wall_segment Palisade Wall x1 |
| 4:18 | ROI · wall_segment Palisade Wall x1 |
| 7:34 | ROI · wall_segment Palisade Wall x5 |
| 7:42 | ROI · wall_segment Palisade Wall x10 |
| 7:50 | Nectarie · wall_segment Palisade Wall x1 |
| 7:53 | Nectarie · wall_segment Palisade Wall x1 |
| 7:54 | Nectarie · wall_segment Palisade Wall x1 |
| 7:57 | Nectarie · wall_segment Palisade Wall x1 |
| 7:59 | Nectarie · wall_segment Palisade Wall x1 |
| 8:02 | Nectarie · wall_segment Palisade Wall x1 |
| 8:03 | Nectarie · wall_segment Palisade Wall x1 |
| 8:03 | Nectarie · wall_segment Palisade Wall x1 |
| 8:09 | Nectarie · wall_segment Palisade Wall x1 |
| 8:14 | Nectarie · wall_segment Palisade Wall x1 |
| 8:16 | Nectarie · wall_segment Palisade Wall x1 |
| 8:39 | Nectarie · first_building Barracks |
| 9:17 | Nectarie · age_up feudal |
| 9:26 | ROI · wall_segment Palisade Wall x9 |
| 9:29 | ROI · wall_segment Palisade Wall x1 |
| 9:30 | Nectarie · first_building Stable |
| 9:54 | ROI · wall_segment Palisade Wall x1 |
| 9:56 | ROI · wall_segment Palisade Wall x1 |
| 9:58 | ROI · wall_segment Palisade Wall x1 |
| 9:59 | ROI · wall_segment Palisade Wall x1 |
| 10:05 | ROI · wall_segment Palisade Wall x5 |
| 10:32 | ROI · age_up feudal |
| 11:00 | Nectarie · first_building Archery Range |
| 11:42 | Nectarie · wall_segment Palisade Wall x2 |
| 11:44 | ROI · wall_segment Palisade Wall x1 |
| 12:44 | Nectarie · wall_segment Palisade Wall x2 |
| 12:45 | Nectarie · wall_segment Palisade Wall x4 |
| 14:04 | ROI · first_building Stable |
| 14:37 | Nectarie · wall_segment Palisade Wall x16 |
| 15:14 | Nectarie · wall_segment Palisade Wall x6 |
| 15:15 | Nectarie · wall_segment Palisade Wall x1 |
| 17:18 | ROI · first_building Archery Range |
| 20:37 | Nectarie · wall_segment Palisade Wall x1 |
| 20:49 | Nectarie · age_up castle |
| 20:49 | ROI · age_up castle |
| 22:30 | ROI · first_building Monastery |
| 24:34 | Nectarie · first_building Siege Workshop |
| 33:16 | ROI · first_building Castle |
| 33:22 | Nectarie · first_building Monastery |
| 33:37 | Nectarie · first_building Castle |
| 34:26 | ROI · age_up imperial |
| 36:38 | Nectarie · wall_segment Palisade Wall x1 |
| 37:48 | Nectarie · age_up imperial |
| 39:07 | Nectarie · first_market_buy 500 wood |
| 42:26 | ROI · first_market_buy 100 stone |
| 48:26 | ROI · resign |
[ ANÁLISIS IA · 1 CRÉDITO ]
¿Qué pasó realmente en esta partida?
Wolo.gg analiza cada decisión: build order, eco, micro, errores típicos por bracket. Análisis personalizado por WhatsApp o Discord en 30 segundos.
Guía civ
Armenios
Perfil
baby